 Dungeon Crawl Stone Soup version 0.31.0-9-g3a7656b989 (webtiles) character file.

Game seed: 3601992135479797618

66 qw the Shooter (level 3, -9/18 HPs)
             Began as a Spriggan Hunter on Feb 2, 2024.
             Mangled by a gnoll
             ... wielding a +0 vampiric halberd
              (11 damage)
             ... on level 2 of the Dungeon.
             The game lasted 00:00:03 (1071 turns).

qw the Shooter (Spriggan Hunter)                    Turns: 1071, Time: 00:00:04

Health: -9/18      AC:  2    Str:  7    XL:     3   Next: 96%
Magic:  4/4        EV: 19    Int: 10    God:
Gold:   106        SH:  0    Dex: 20    Spells: 2/2 levels left

rFire   . . .        a - +0 shortbow
rCold   . . .        (shield currently unavailable)
rNeg    . . .        c - +0 robe
rPois   .            (helmet restricted)
rElec   .            (no cloak)
rCorr   .            (gloves unavailable)
SInv    +            (boots unavailable)
Will    .....        (no amulet)
Stlth   ++           (no ring)
HPRegen 0.23/turn    (no ring)
MPRegen 0.09/turn

%: no passive effects
@: very quick
A: very small, no large weapons, unfitting armour, see invisible, speed 3
a: no special abilities


You were on level 2 of the Dungeon.
You visited 1 branch of the dungeon, and saw 2 of its levels.

You collected 106 gold pieces.


Innate Abilities, Weirdness & Mutations

You are very small and have problems with some larger weapons.
You are too small for most types of armour.
You have supernaturally acute eyesight. (SInv)
You cover ground extremely quickly. (Speed+++)


   Skills:
 - Level 1.5 Fighting
 - Level 5.1 Ranged Weapons
 + Level 4.0 Dodging
 - Level 1.5 Stealth


You had 2 spell levels left.
You didn't know any spells.
Your spell library was empty.

Inventory:

Hand Weapons
 a - a +0 shortbow (weapon)
Armour
 c - a +0 robe (worn)
Scrolls
 b - a scroll of vulnerability {unknown}
 d - a scroll of fear {unknown}
 e - a scroll of torment {unknown}
 i - a scroll of identify
Potions
 f - a potion of curing
 g - a potion of heal wounds {unknown}
 h - a potion of attraction {unknown}

Dungeon Overview and Level Annotations

Branches:
Dungeon (2/15)

Altars:

Shops:
D:1 [


Message History

You shoot an arrow. The arrow closely misses the adder.
The adder closely misses you. The adder misses you.
You shoot an arrow. The arrow hits the adder.
You kill the adder!
Your Ranged Weapons skill increases to level 5!
Found 5 stones.
i - a scroll of identify
There is a stone staircase leading down here.
Found a whip.
A gnoll and a ball python come into view.
The gnoll shouts!
You hear a shout! x2; The ball python hisses angrily.
You shoot an arrow. The arrow hits the ball python.
The ball python is moderately wounded.
A gnoll comes into view. It is wielding a +0 whip.
You shoot an arrow. The arrow hits the ball python.
You kill the ball python!
A gnoll comes into view. It is wielding a +0 vampiric halberd.
Enter note:
Enter note: You shoot an arrow.
The arrow barely misses the gnoll.
The gnoll closely misses you.
A gnoll comes into view. It is wielding a +0 spear.
The gnoll misses you. The gnoll hits you with a +0 whip.
The gnoll hits you with a +0 club.
Enter note:
Enter note:
1069 ||| RETREEEEATING.
A ball python comes into view.
Enter note:
Enter note: You shoot an arrow.
The ball python hisses angrily.
The arrow hits the gnoll.
The gnoll is lightly wounded.
You shoot an arrow. The arrow hits the gnoll!
The gnoll is severely wounded.
The gnoll hits you with a +0 club!
The gnoll hits you from afar with a +0 vampiric halberd!
Ouch! That really hurt!
You die...

#.....>....##)###.
#.....##.#.##..#.#
#.....##.#.##.####
########.#.##.#
### ##.#.#7.7 ..
#....#P.P #.
#.##(#7.7
###.##### #.##)#
#Sggg@..# #.##.#
#.#g###.###.####
#. #........# ..
#####....# ###
###### ### #.. ###


You could see 4 gnolls and a ball python.

Vanquished Creatures
  A gnoll (D:1)
  2 adders (D:2)
  6 ball pythons
  4 bats
  2 endoplasms (D:1)
  2 giant cockroaches (D:1)
  3 goblins
  A hobgoblin (D:1)
  2 kobolds
  4 quokkas (D:1)
  2 frilled lizards
  8 rats
37 creatures vanquished.

Notes
Turn   | Place    | Note
-------+----------+-------------------------------------------
     0 | D:1      | qw the Spriggan Hunter began the quest for the Orb.
     0 | D:1      | Reached XP level 1. HP: 10/10 MP: 2/2
     0 | D:1      | 0 ||| qw: Version: 0.3-a-155-g5e7d8dd
     0 | D:1      | 0 ||| qw: Game counter: 1206
     0 | D:1      | 0 ||| qw: Melee chars always use a shield: true
     0 | D:1      | 0 ||| qw: God list: Okawaru
     0 | D:1      | 0 ||| qw: Allow faded altars: false
     0 | D:1      | 0 ||| qw: Do Orc after clearing Dungeon:15 true
     0 | D:1      | 0 ||| qw: Do second Lair branch before Depths: true
     0 | D:1      | 0 ||| qw: Lair rune preference: random
     0 | D:1      | 0 ||| qw: Goals: Normal
     0 | D:1      | 0 ||| PLANNING D:1-11
    33 | D:1      | Reached skill level 3 in Dodging
    33 | D:1      | Reached XP level 2. HP: 14/14 MP: 3/3
   158 | D:1      | Found a faded altar of an unknown god.
   304 | D:1      | Found Bumnuego's Antique Armour Shoppe.
   310 | D:1      | 310 ||| SHOPLISTING glowing robe (107 gold, have 30).
   388 | D:1      | Reached XP level 3. HP: 18/18 MP: 4/4
   647 | D:1      | 647 ||| DROPPING ring of magical power.
   648 | D:1      | 648 ||| READING scroll labelled PESCHA GEMIAZU.
   649 | D:1      | 649 ||| READING scroll labelled MOABBO TEPAE.
   649 | D:1      | 649 ||| IDENTIFYING murky sapphire potion
   650 | D:1      | 650 ||| DRINKING 2 yellow potions.
   651 | D:1      | 651 ||| DRINKING 2 metallic yellow potions.
   680 | D:1      | 680 ||| DROPPING scroll of butterflies.
   681 | D:1      | 681 ||| DROPPING potion of magic.
   682 | D:1      | 682 ||| DROPPING potion of lignification.
  1017 | D:2      | Reached skill level 5 in Ranged Weapons
  1069 | D:2      | 1069 ||| RETREEEEATING.
  1071 | D:2      | HP: 2/18 [gnoll/+0 club (8)]
  1071 | D:2      | Mangled by a gnoll

Levels and vault maps discovered:
D:1:      shiori_arrival_elements, layout_loops_ring, serial_shops, shop,
          hellmonk_ecumenical_altar_arch_garden
D:2:      layout_loops_cross, amcnicky_mini_rare_corridor_liquid,
          corexii_corridor_pit, dreamdust_princess_corridor,
          chequers_serial_rivers_micro_e, uniq_jessica

Skill      XL: |  1  2  3 |
---------------+----------+-----
Dodging        | 3 4 |  4.0
Ranged Weapons | 5 |  5.1
Fighting       | |  1.5
Stealth        | |  1.5

Action                     || total
---------------------------++-------
   Fire: Shortbow          ||    88
    Use: Scroll            ||     2
         Potion            ||     2
 Armour: Robe              ||     9
  Dodge: Dodged            ||    25

Table legend:
 A = Non-vault XP
 B = Vault XP
 C = Vault XP percentage of total XP
 D = Non-vault monster count
 E = Vault monster count
 F = Vault count percentage of total count
                 A         B        C        D         E       F
            +---------+---------+-------+---------+---------+-------
      Total |      95 |       0 |   0.0 |      37 |       0 |   0.0
            +---------+---------+-------+---------+---------+-------
        D:1 |      48 |       0 |   0.0 |      21 |       0 |   0.0
        D:2 |      47 |       0 |   0.0 |      16 |       0 |   0.0
            +---------+---------+-------+---------+---------+-------
